 Dungeon Crawl Stone Soup version 0.29-a0-311-gcbd9eb2193 (webtiles) character file.

Game seed: 3594228915680343109

75 Leszczynek the Chopper (level 4, 35/35 HPs)
             Began as a Human Gladiator on Mar 28, 2022.
             Was a High Priest of Ignis.
             Quit the game on level 3 of the Dungeon.
             The game lasted 00:04:10 (697 turns).

Leszczynek the Chopper (Human Gladiator)             Turns: 697, Time: 00:04:11

Health: 35/35      AC:  4    Str: 16    XL:     4   Next: 55%
Magic:  4/4        EV: 12    Int:  9    God:    Ignis [*****.]
Gold:   78         SH:  0    Dex: 14    Spells: 3/3 levels left

rFire   + . .      SeeInvis .   a - +0 war axe
rCold   . . .      Faith    .   (no shield)
rNeg    . . .      Spirit   .   b - +0 leather armour
rPois   .          Reflect  .   c - +0 helmet
rElec   .          Harm     .   (no cloak)
rCorr   .          Rampage  .   (no gloves)
Will    .....                   (no boots)
Stlth   +.........              (no amulet)
HPRegen 0.11/turn               (no ring)
MPRegen 0.09/turn               (no ring)

@: no status effects
A: no striking features
a: Renounce Religion, Fiery Armour, Foxfire Swarm, Rising Flame


You were on level 3 of the Dungeon.
You worshipped Ignis.
Ignis was extremely pleased with you.
You visited 1 branch of the dungeon, and saw 3 of its levels.

You collected 78 gold pieces.

Inventory:

Hand Weapons
 a - a +0 war axe (weapon)
Missiles
 d - a throwing net (quivered)
 e - a javelin
Armour
 b - a +0 leather armour (worn)
 c - a +0 helmet (worn)
Scrolls
 f - a scroll of immolation {unknown}
 g - a scroll of identify {unknown}
 i - a scroll of fog {unknown}
 j - a scroll of noise {unknown}
Potions
 h - a potion of degeneration {unknown}
 k - a potion of flight {unknown}


   Skills:
 * Level 3.0 Fighting
 * Level 3.7 Axes
 + Level 2.5 Throwing
 + Level 3.3 Dodging


You had 3 spell levels left.
You didn't know any spells.
Your spell library was empty.

Dungeon Overview and Level Annotations

Branches:
Dungeon (3/15)

Altars:
Ignis

Shops:
D:2 [


Message History

You throw a javelin.
The javelin completely misses the adder.
The javelin pierces through the adder!
You kill the adder!
The adder bites you but does no damage. The adder barely misses you.
Your Fighting skill increases to level 3!
Unknown command.
You hit the adder.
The adder is moderately wounded.
The adder bites you but does no damage. The adder barely misses you.
You hit the adder.
The adder is almost dead.
The adder closely misses you. The adder misses you.
You hit the adder.
You kill the adder!
The frilled lizard barely misses you.
You miss the frilled lizard.
The frilled lizard bites you but does no damage.
You hit the frilled lizard but do no damage.
The frilled lizard barely misses you.
You closely miss the frilled lizard. The frilled lizard closely misses you.
The frilled lizard misses you.
You completely miss the frilled lizard.
The frilled lizard unfolds its giant frill.
The frilled lizard closely misses you.
You slash the frilled lizard!
You kill the frilled lizard!
d - a throwing net
e - a javelin
There is a stone staircase leading down here.
You climb downwards.
You hear the sound of rushing water.
There is an entrance to a sewer on this level.
Hurry and find it before the portal rusts away!
There is a stone staircase leading up here.
You hear the slow rusting of a very distant drain.
HP restored.
You hear the slow rusting of a very distant drain.
You now have 78 gold pieces (gained 10).
k - a smoky orange potion Are you sure you want to abandon this character and quit the game? (Confirm with "yes".)

#.........#
###.#######
.#.#
#####.#.######
#.....#......#
#...########.##
#.............#
#..############
#@.......
##.###### ....
##.## .. .## .#


There were no monsters in sight!

Vanquished Creatures
  Terence (D:2)
  3 adders (D:2)
  A bat (D:2)
  An endoplasm (D:1)
  2 giant cockroaches (D:1)
  A goblin (D:1)
  A hobgoblin (D:1)
  4 jackals (D:2)
  A quokka (D:1)
  2 ball pythons (D:1)
  4 frilled lizards (D:2)
  A kobold (D:2)
  2 rats
24 creatures vanquished.

Notes
Turn   | Place    | Note
-------+----------+-------------------------------------------
     0 | D:1      | Leszczynek the Human Gladiator began the quest for the Orb.
     0 | D:1      | Reached XP level 1. HP: 16/16 MP: 1/1
   151 | D:1      | Reached XP level 2. HP: 16/22 MP: 2/2
   245 | D:2      | Reached XP level 3. HP: 13/28 MP: 3/3
   246 | D:2      | HP: 5/28 [jackal (1)]
   249 | D:2      | HP: 1/28 [jackal (3)]
   265 | D:2      | HP: 5/28 [kobold/+0 short sword (1)]
   386 | D:2      | Found a faded altar of an unknown god.
   400 | D:2      | Prayed at the altar of an unknown god.
   400 | D:2      | Became a worshipper of Ignis, the Dying Flame
   401 | D:2      | lol
   405 | D:2      | Found Zokh's Antique Armour Boutique.
   475 | D:2      | Noticed Terence
   486 | D:2      | Killed Terence
   487 | D:2      | Reached XP level 4. HP: 19/34 MP: 4/4
   528 | D:2      | Reached skill level 3 in Fighting
   697 | D:3      | Quit the game

Illustrated notes

#...# #...# #...#
#...# #...#
#######...#####.
.#...>...........
.................
#......@........
#.#####...######
#......# #.##...#
# #...# ....#
....# .....#
.....#


Turn 401 on D:2: lol

Levels and vault maps discovered:
D:1:      psy_arrival_radial02, layout_rooms, serial_bayou_crossing
D:2:      layout_loops_cross, basic_ecumenical_altar, serial_shops, shop,
          uniq_terence
D:3:      layout_basic, portal_sewer_entry_f, uniq_sigmund

Skill      XL: |  1  2  3  4 |
---------------+-------------+-----
Fighting       | 3 |  3.0
Axes           | |  3.7
Throwing       | |  2.5
Dodging        | |  3.3

Action                   |  1- 3 |  4- 6 || total
-------------------------+-------+-------++-------
Melee: War axe           |    56 |    12 ||    68
Throw: Throwing net      |     4 |     1 ||     5
       Javelin           |     1 |     1 ||     2
  Use: Potion            |     2 |       ||     2
 Stab: Sleeping          |     2 |       ||     2
       Held in net/web   |     1 |       ||     1
Armor: Leather armour    |    22 |     7 ||    29
Dodge: Dodged            |    51 |    15 ||    66

Table legend: (Time is in decaauts)
 A = Elapsed time spent in this place.
 B = Non-inter-level travel time spent in this place.
 C = Inter-level travel time spent in this place.
 D = Time resting spent in this place.
 E = Time spent auto-exploring this place.
 F = Levels seen in this place.
 G = Mean time per level.
                   A        B        C        D        E       F      G
               +--------+--------+--------+--------+--------+-----+--------+
         Total |    764 |    764 |      0 |      0 |    117 |   3 |  254.7 |
       Dungeon |    764 |    764 |      0 |      0 |    117 |   3 |  254.7 |
               +--------+--------+--------+--------+--------+-----+--------+

Top non-repeatable levels by time:
     D:1: 376 daAuts
     D:2: 254 daAuts
     D:3: 133 daAuts
